 Dungeon Crawl Stone Soup version 0.26-a0-1181-gd376ed14c5 (webtiles) character file.

Game seed: 13435710802018995804

11 runemasterragnar the Skirmisher (level 2, -5/32 HPs)
             Began as an Ogre Delver on Dec 26, 2020.
             Slain by an orc priest
             ... wielding a +0 war axe
              (10 damage)
             ... on level 4 of the Dungeon.
             The game lasted 00:01:10 (412 turns).

runemasterragnar the Skirmisher (Ogre Delver)        Turns: 412, Time: 00:01:11

Health: -5/32      AC:  3    Str: 15    XL:     2   Next: 29%
Magic:  2/2        EV: 10    Int: 11    God:
Gold:   43         SH:  0    Dex: 10    Spells: 1/1 levels left

rFire    . . .     SeeInvis .   a - +0 mace
rCold    . . .     Faith    .   (no shield)
rNeg     . . .     Spirit   .   b - +0 robe
rPois    .         Reflect  .   (helmet restricted)
rElec    .         Harm     .   (no cloak)
rCorr    .         Rampage  .   (gloves unavailable)
Will     .....                  (boots unavailable)
Stlth    ++........             (no amulet)
HPRegen  0.10/turn              (no ring)
MPRegen  0.08/turn              (no ring)

@: hasted, very quick
A: large, unfitting armour, tough skin 1
a: no special abilities


You were on level 4 of the Dungeon.
You visited 1 branch of the dungeon, and saw 3 of its levels.

You collected 43 gold pieces.

Inventory:

Hand Weapons
 a - a +0 mace (weapon)
Armour
 b - a +0 robe (worn)
Wands
 g - a wand of digging (3)
Scrolls
 c - a scroll of fog
 d - a scroll of magic mapping
 e - a scroll of fear
 h - a scroll of teleportation {unknown}
 i - a scroll of remove curse {unknown}
 j - a scroll of enchant weapon {unknown}
 k - a scroll of identify {unknown}


   Skills:
 + Level 4.2 Fighting
 + Level 2.0 Maces & Flails
 + Level 2.0 Dodging
 + Level 3.8 Stealth


You had one spell level left.
You didn't know any spells.
Your spell library was empty.

Dungeon Overview and Level Annotations

Branches:
Dungeon (5/15)
 Temple: D:4-7

Altars:

Annotations:
D:4 Edmund


Innate Abilities, Weirdness & Mutations

You are too large for most types of armour.
You have tough skin. (AC +1)


Message History

You hit the orc priest but do no damage.
The orc priest hits you with a +0 war axe!
You barely miss the orc priest. The orc priest closely misses you.
You feel better.
You barely miss the orc priest.
The orc priest hits you with a +0 war axe!
You closely miss the orc priest.
The orc priest hits you with a +0 war axe!
* * * LOW HITPOINT WARNING * * *
You hit the orc priest but do no damage.
You hit the orc priest.
The orc priest is lightly wounded.
The orc priest invokes the aid of Beogh against you.
Pain shoots through your body!
* * * LOW HITPOINT WARNING * * *
Unknown command.
You hit the orc priest.
The orc priest is heavily wounded.
The orc priest hits you with a +0 war axe!
You die...

.... .... .....
##... ...... ##
......### ... #.
#..'.########.## ..
......#@o@.........
##.# ..o..
#####........ #...
##h. #........#
#..# ... #........#
#..## .. #........#
#.... . #........#
#...# #........#
#...#
#).......#.#...#
###<.......#.#...#


You could see Edmund and an orc priest.

Vanquished Creatures
  An adder (D:3)
  A hobgoblin (D:4)
  A jackal (D:4)
3 creatures vanquished.

Notes
Turn   | Place    | Note
-------+----------+-------------------------------------------
     0 | D:5      | runemasterragnar the Ogre Delver began the quest for the
                  | Orb.
     0 | D:5      | Reached XP level 1. HP: 24/24 MP: 1/1
    96 | D:5      | Noticed a worker ant
   156 | D:3      | Reached XP level 2. HP: 8/32 MP: 2/2
   403 | D:4      | Noticed Edmund
   412 | D:4      | Slain by an orc priest

Illustrated notes

Levels and vault maps discovered:
D:3:      layout_loops_ring, feat_on_display
D:4:      layout_basic, kennysheep_generic_room_16, uniq_edmund
D:5:      layout_basic, temple_fountains, uniq_menkaure

Skill      XL: |  1 |
---------------+----+-----
Maces & Flails | 2 |  2.0
Dodging        | 2 |  2.0
Fighting       | |  4.2
Stealth        | |  3.8

Action                   || total
-------------------------++-------
Melee: Mace              ||    31
  Use: Potion            ||     3
Armor: Robe              ||     5
Dodge: Dodged            ||    17

Table legend: (Time is in decaauts)
 A = Elapsed time spent in this place.
 B = Non-inter-level travel time spent in this place.
 C = Inter-level travel time spent in this place.
 D = Time resting spent in this place.
 E = Time spent auto-exploring this place.
 F = Levels seen in this place.
 G = Mean time per level.
                   A        B        C        D        E       F      G
               +--------+--------+--------+--------+--------+-----+--------+
         Total |    418 |    418 |      0 |    192 |    105 |   3 |  139.3 |
       Dungeon |    418 |    418 |      0 |    192 |    105 |   3 |  139.3 |
               +--------+--------+--------+--------+--------+-----+--------+

Top non-repeatable levels by time:
     D:4: 273 daAuts
     D:5: 83 daAuts
     D:3: 62 daAuts
